 Dungeon Crawl Stone Soup version 0.21-a0-401-g0b6bec4 (webtiles) character file.

2872 Moloch the Fighter (level 9, -1/90 HPs)
             Began as a White Draconian Hunter on Oct 21, 2017.
             Was a Priest of Okawaru.
             Slain by a two-headed ogre
             ... wielding a +0 giant club
              (10 damage)
             ... on level 9 of the Dungeon.
             The game lasted 00:18:51 (8828 turns).

Moloch the Fighter (White Draconian Hunter)         Turns: 8828, Time: 00:18:52

Health: -1/90      AC: 12    Str: 16    XL:     9   Next: 47%
Magic:  0/11       EV: 12    Int: 11    God:    Okawaru [***...]
Gold:   384        SH:  2    Dex: 14    Spells: 6/8 levels left

rFire    + . .     SeeInvis .   l - +2 hand axe (chop)
rCold    + . .     Gourm    .   (no shield)
rNeg     . . .     Faith    .   (armour unavailable)
rPois    .         Spirit   +   (helmet restricted)
rElec    .         Reflect  +   A - scarf {Spirit}
rCorr    .         Harm     .   j - +0 pair of gloves
MR       .....                  (no boots)
Stlth    ++........             q - +2 amulet of reflection
HPRegen  0.25/turn              B - ring of protection from fire
MPRegen  0.12/turn              s - +4 ring of protection

@: about to teleport
A: breathe frost, unfitting armour, beak, horns 1, blurry vision 1, cold
resistance 1, cold-blooded, MP-powered wands, AC +7
a: Breathe Frost, Heroism, Renounce Religion


You were on level 9 of the Dungeon.
You worshipped Okawaru.
Okawaru was most pleased with you.
You were not hungry.

You visited 1 branch of the dungeon, and saw 9 of its levels.

You collected 384 gold pieces.

Inventory:

Hand Weapons
 l - a +2 hand axe of chopping (weapon)
 I - a +0 shortbow of freezing
 O - a +2 dagger of venom
Missiles
 c - 180 arrows
 o - 15 tomahawks (quivered)
Armour
 j - a +0 pair of gloves (worn)
 x - a +0 buckler
 A - a scarf of spirit shield (worn)
Jewellery
 q - a +2 amulet of reflection (around neck)
 s - a +4 ring of protection (right hand)
 B - a ring of protection from fire (left hand)
Wands
 E - a wand of confusion (23/48)
 F - a wand of acid (11/15)
 G - a wand of confusion (29/48)
 K - a wand of flame (26/48)
Scrolls
 h - a scroll of random uselessness {unknown}
 n - 8 scrolls of teleportation
 p - 2 scrolls of enchant weapon
 w - a scroll of fear {unknown}
 y - 3 scrolls of amnesia {unknown}
 C - a scroll of blinking {unknown}
 D - 3 scrolls of identify
 H - 3 scrolls of recharging {unknown}
 J - a scroll of remove curse
 N - 2 scrolls of immolation {unknown}
 P - a scroll of magic mapping {unknown}
Potions
 b - 4 potions of lignification {unknown}
 e - a potion of mutation
 f - a potion of magic {unknown}
 i - 2 potions of ambrosia {unknown}
 k - 2 potions of resistance
 m - 5 potions of curing
 t - 2 potions of flight
 u - a potion of agility
 v - a potion of berserk rage
 z - 5 potions of haste
 L - a potion of might {unknown}
Books
 a - a book of Power

   Spells                             Type                      Level
   a - Iskenderun's Battlesphere      Conjuration/Charms           5
   b - Venom Bolt                     Conjuration/Poison           5
   c - Bolt of Magma                  Conjuration/Fire/Earth       5
   d - Iron Shot                      Conjuration/Earth            6
   e - Orb of Destruction             Conjuration                  7
   f - Spellforged Servitor           Conjuration/Summoning        7
Comestibles
 d - 8 bread rations
 g - 8 meat rations
 r - 2 fruits
 M - 13 chunks of flesh


   Skills:
 - Level 11.8 Fighting
 + Level 7.1 Bows
 - Level 1.7 Dodging
 - Level 0.8 Stealth
 - Level 3.5 Invocations


You had 6 spell levels left.
You knew the following spells:

 Your Spells              Type           Power        Failure   Level  Hunger
a - Blink                 Tloc           N/A          47%         2    ###....


Dungeon Overview and Level Annotations

Branches:
Dungeon (9/15)             Temple (0/1) D:7
   Lair: D:8-11         Orc: D:9-12

Altars:
Ashenzari
Cheibriados
Fedhas
Okawaru
Vehumet

Shops:
D:4 :


Innate Abilities, Weirdness & Mutations

You can breathe waves of freezing cold.
You can buffet flying creatures when you breathe cold.
Your icy white scales are hard. (AC +7)
You cannot fit into any form of body armour.
Your flesh is cold resistant. (rC+)
You are cold-blooded and may be slowed by cold attacks.
You have a beak for a mouth.
You have a pair of small horns on your head.
Scrolls take you a little longer to read.
You expend magic power (3 MP) to strengthen your wands.


Message History

The orc warrior barely misses you.
The two-headed ogre hits you with a giant club!
The two-headed ogre hits you with a giant club!!
Unknown command.
You hit the orc warrior.
You peck the orc warrior, but do no damage.
You tail-slap the orc warrior, but do no damage.
The orc warrior is lightly wounded.
You barely miss the two-headed ogre. The orc warrior barely misses you.
The two-headed ogre hits you with a giant club!!
* * * LOW HITPOINT WARNING * * *
The two-headed ogre hits you with a giant club!
* * * LOW HITPOINT WARNING * * *
The orc warrior completely misses you.
Unknown command.
You hit the orc warrior.
The orc warrior is moderately wounded.
You slash the two-headed ogre!
The two-headed ogre hits you with a giant club!
You die...

###.######.# .#
#........... #.#
#..# #.#.######.#
#.# #..# #.#.# #.#
#..# #.#.# ###.#
#..# #.#.# ..#.#
#..# #)#.#
....####..# #O#.#
..........# #@#.#
..........######o#.#
#.#.#.##..o.....o..#
..................##
..###.##.######...#
..# #.##.# ##### ..#
#.##.# ..# #.##.#
#.# #.##.#


You could see a two-headed ogre, an orc warrior and an orc.

Vanquished Creatures
  A hippogriff (D:7)
  A wyvern (D:9)
  A steam dragon (D:9)
  A black bear (D:7)
  2 ice beasts (D:8)
  3 sky beasts
  3 ogres
  3 phantoms
  2 centaurs
  2 bullfrogs
  2 scorpions
  A howler monkey (D:6)
  2 crimson imps
  A jelly (D:7)
  3 hounds
  A bullfrog skeleton (D:8)
  7 orc wizards
  4 orc priests
  3 iguanas
  2 worker ants
  6 gnolls
  9 adders
  A shadow imp (D:8)
  An ooze (D:7)
  An adder skeleton (D:9)
  3 worms
  5 dart slugs
  3 leopard geckos
  24 orcs
  3 giant cockroaches
  8 goblins
  6 hobgoblins
  2 jackals (D:6)
  12 kobolds
  2 quokkas (D:2)
  6 ball pythons
  8 bats
  2 frilled lizards
  A leopard gecko zombie (D:6)
  5 rats
153 creatures vanquished.

Notes
Turn   | Place    | Note
-------+----------+-------------------------------------------
     0 | D:1      | Moloch the Draconian Hunter began the quest for the Orb.
     0 | D:1      | Reached XP level 1. HP: 17/17 MP: 1/1
   258 | D:1      | Reached skill level 3 in Fighting
   319 | D:1      | Reached XP level 2. HP: 26/26 MP: 2/2
  1106 | D:2      | Found a snail-covered altar of Cheibriados.
  1127 | D:2      | Reached XP level 3. HP: 30/33 MP: 3/3
  1220 | D:2      | Reached skill level 4 in Fighting
  1235 | D:2      | Found a blossoming altar of Fedhas.
  1374 | D:2      | Found an iron altar of Okawaru.
  1375 | D:2      | Found a radiant altar of Vehumet.
  1381 | D:2      | Became a worshipper of Warmaster Okawaru
  2505 | D:2      | Reached XP level 4. HP: 28/41 MP: 4/4
  2720 | D:3      | Found a shattered altar of Ashenzari.
  2902 | D:3      | Reached skill level 5 in Fighting
  3328 | D:4      | Noticed a phantom
  3458 | D:4      | Killed a phantom
  3458 | D:4      | Reached * piety under Okawaru
  3458 | D:4      | Reached XP level 5. HP: 25/49 MP: 5/5
  3640 | D:4      | Noticed a phantom
  3749 | D:4      | Killed a phantom
  3749 | D:4      | Reached skill level 6 in Fighting
  3749 | D:4      | Reached XP level 6. HP: 31/57 MP: 4/6
  3959 | D:4      | Found Vaaroraol's Book Boutique.
  4140 | D:4      | Learned a level 2 spell: Blink
  4167 | D:5      | Entered Level 5 of the Dungeon
  4387 | D:5      | Reached skill level 5 in Bows
  4791 | D:5      | Reached skill level 7 in Fighting
  4953 | D:5      | Your scales start taking on an icy white colour.
  4953 | D:5      | Reached XP level 7. HP: 53/66 MP: 5/7
  4953 | D:5      | Gained mutation: Your flesh is cold resistant. (rC+) [White Draconian growth]
  5249 | D:6      | You fall through a shaft for 2 floors!
  5250 | D:8      | Found an iron altar of Okawaru.
  5489 | D:6      | Reached skill level 8 in Fighting
  5882 | D:6      | Reached ** piety under Okawaru
  5882 | D:6      | Reached skill level 1 in Invocations
  6373 | D:7      | Reached XP level 8. HP: 72/75 MP: 7/9
  6541 | D:7      | Reached skill level 9 in Fighting
  6771 | D:7      | Noticed a hippogriff
  6813 | D:7      | Killed a hippogriff
  6845 | D:7      | Reached skill level 10 in Fighting
  6848 | D:7      | Found a staircase to the Ecumenical Temple.
  7198 | D:8      | Gained mutation: You have a beak for a mouth. [mutagenic meat]
  7199 | D:8      | Gained mutation: You are agile. (Dex +2) [mutagenic meat]
  7200 | D:8      | Lost mutation: You are agile. (Dex +2) [mutagenic meat]
  7201 | D:8      | Gained mutation: You have a pair of small horns on your head. [mutagenic meat]
  7202 | D:8      | Gained mutation: Scrolls take you a little longer to read. [mutagenic meat]
  7631 | D:8      | Reached *** piety under Okawaru
  7631 | D:8      | Reached skill level 11 in Fighting
  7631 | D:8      | Reached XP level 9. HP: 79/89 MP: 11/11
  7637 | D:8      | Gained mutation: You expend magic power (3 MP) to strengthen your wands. [mutagenic meat]
  8030 | D:9      | Noticed a two-headed ogre
  8828 | D:9      | Slain by a two-headed ogre

Vault maps used:
D:1:      arrival_zaba_pyramid, minmay_shallow_snake_nest
D:2:      old_standard_altar, gammafunk_temple_overflow_pools,
          kennysheep_slug_shrine, minmay_misc_feat_columns
D:3:      old_standard_altar, st_stairs_13
D:4:      serial_shops, nicolae_shop_window_shopping, abandoned_shop,
          supply_closet_lemuel
D:5:      first_bread, water_boxes_lemuel
D:7:      minmay_temple_entry_nine_rooms
D:8:      okawaru_ov_weapons_minmay
D:9:      grunt_temple_overflow_diamond, serial_glass, glass_columns_b,
          glass_columns_b

Skill      XL: |  1  2  3  4  5  6  7  8  9 |
---------------+----------------------------+-----
Fighting       | 3 4 5 6 7 8 11 | 11.8
Bows           | 4 5 6 7 |  7.1
Invocations    | 1 3 |  3.5
Dodging        | |  1.7
Stealth        | |  0.8

Action                   |  1- 3 |  4- 6 |  7- 9 || total
-------------------------+-------+-------+-------++-------
Melee: Short sword       |    19 |       |       ||    19
       Dagger            |   189 |   427 |   175 ||   791
       Tailslap          |    17 |    47 |    48 ||   112
       Hand axe          |       |       |   181 ||   181
       Headbutt          |       |       |    22 ||    22
       Peck              |       |       |    19 ||    19
       Punch             |       |       |     1 ||     1
 Fire: Shortbow          |       |     7 |    29 ||    36
Invok: Heroism           |       |     1 |     3 ||     4
 Abil: Breathe Frost     |       |       |    22 ||    22
  Use: Scroll            |     5 |     3 |     6 ||    14
 Stab: Sleeping          |     3 |     2 |     2 ||     7
  Eat: Chunk             |     4 |     7 |    24 ||    35
       Royal jelly       |       |     1 |     1 ||     2
Armor: Skin              |    55 |   129 |   142 ||   326
Dodge: Dodged            |   126 |   173 |   226 ||   525
Block: Buckler           |       |    33 |       ||    33
       Other             |       |    10 |    22 ||    32
       Reflection        |       |     1 |       ||     1

Table legend:
 A = Spawn XP
 B = Non-spawn XP
 C = Spawn XP percentage of total XP
 D = Spawn monster count
 E = Non-spawn monster count
 F = Spawn count percentage of total count
 G = Total turns spent on level
                    A         B        C        D         E        F      G
               +---------+---------+-------+---------+---------+-------+---------
         Total |       0 |    4103 |   0.0 |       0 |     153 |   0.0 |  8828
               +---------+---------+-------+---------+---------+-------+---------
           D:1 |       0 |      37 |   0.0 |       0 |      23 |   0.0 |  1619
           D:2 |       0 |      69 |   0.0 |       0 |      20 |   0.0 |  1029
           D:3 |       0 |      51 |   0.0 |       0 |      18 |   0.0 |   607
           D:4 |       0 |     300 |   0.0 |       0 |      11 |   0.0 |   912
           D:5 |       0 |     345 |   0.0 |       0 |      12 |   0.0 |   904
           D:6 |       0 |     553 |   0.0 |       0 |      18 |   0.0 |  1215
           D:7 |       0 |     800 |   0.0 |       0 |      11 |   0.0 |   785
           D:8 |       0 |    1304 |   0.0 |       0 |      25 |   0.0 |   994
           D:9 |       0 |     644 |   0.0 |       0 |      15 |   0.0 |   763
               +---------+---------+-------+---------+---------+-------+---------
